AoeStats
← PZ|MBalu

Yucatan

510836817Analyzed
4v4 RM · 23h ago on Oct 2, 2026· 49m 7s· 8 players
Game mode
Random Map
Map size
Large (8 player)
Population
200
Speed
Normal
Resources
Standard
Victory
Conquest
Starting age
Dark Age
Ending age
Imperial Age
RankedLock teamsTeams togetherTeam positionsShared explorationLock speedFull tech treeHidden civsTurbo modeCheats
Victory
Defeat
🇩🇪 Saracens · Germany
1302
+14
🇬🇧 Mongols · United Kingdom
1294
+14
🇬🇧 Celts · United Kingdom
1258
+15
🇬🇧 Italians · United Kingdom
1252
+16
🇹🇷 Britons · Türkiye
1315
-18
🇳🇿 Romans · New Zealand
1289
-16
🇭🇺 Ethiopians · Hungary
1214
-13
🇭🇺 Danes · Hungary
1174
-12
xBOYLANATORx
8:47 Loom
11:22 Feudal Age
12:20 Double-Bit Axe
16:50 Castle Age
15:13 Fletching
16:17 Gold Mining
17:56 Bow Saw
18:58 Horse Collar
19:49 Town Watch
23:20 Heavy Plow
24:17 Wheelbarrow
28:47 Hand Cart
39:31 Imperial Age
38:35 Ballistics
38:49 Stone Mining
39:35 Gold Shaft Mining
42:38 Heavy Scorpion
44:38 Onager
46:00 Siege Engineers
46:46 Siege Onager
49:43 Chemistry
48:53 Masonry
49:05 Furor Celtica
CroCkeR
9:03 Loom
10:48 Feudal Age
15:15 Castle Age
13:35 Horse Collar
14:25 Double-Bit Axe
22:56 Wheelbarrow
24:51 Bow Saw
25:35 Heavy Plow
26:23 Forging
26:21 Scale Barding Armor
27:08 Hand Cart
29:11 Stone Mining
29:12 Gold Mining
29:39 Caravan
33:04 Imperial Age
30:21 Town Watch
31:45 Chain Barding Armor
32:01 Iron Casting
33:56 Bloodlines
33:47 Husbandry
34:00 Bloodlines
34:27 Plate Barding Armor
34:52 Blast Furnace
34:45 Ballistics
35:21 Conscription
34:24 Light Cavalry
36:19 Chemistry
35:30 Masonry
35:27 Siege Engineers
36:10 Fletching
37:57 Town Patrol
40:24 Elite Mameluke
41:33 Bodkin Arrow
41:38 Scale Mail Armor
42:19 Counterweights
42:20 Bimaristan
42:42 Masonry
48:31 Two-Man Saw
Sheepeehs
6:48 Loom
8:45 Feudal Age
9:42 Double-Bit Axe
11:56 Wheelbarrow
15:38 Horse Collar
18:55 Castle Age
16:53 Horse Collar
17:58 Stone Mining
20:36 Bow Saw
22:19 Fletching
37:10 Hand Cart
37:11 Heavy Plow
40:01 Imperial Age
37:43 Town Watch
38:17 Gold Mining
39:07 Stone Shaft Mining
38:38 Padded Archer Armor
38:44 Bodkin Arrow
40:45 Leather Archer Armor
40:32 Scale Mail Armor
40:43 Forging
40:57 Town Patrol
41:00 Bracer
41:28 Conscription
42:16 Chemistry
43:26 Pirotechnia
EDubble
9:19 Feudal Age
11:40 Double-Bit Axe
14:02 Horse Collar
18:20 Castle Age
16:31 Horse Collar
17:37 Bloodlines
17:43 Bloodlines
18:01 Scale Barding Armor
18:07 Forging
21:04 Wheelbarrow
22:31 Light Cavalry
25:46 Loom
26:47 Chain Barding Armor
30:39 Hand Cart
30:28 Heavy Plow
30:33 Gold Mining
30:46 Husbandry
30:52 Fletching
31:03 Padded Archer Armor
34:53 Imperial Age
32:36 Town Watch
33:07 Bow Saw
33:16 Bodkin Arrow
33:36 Leather Archer Armor
35:17 Ballistics
35:59 Conscription
35:36 Elite Mangudai
38:03 Chemistry
38:25 Iron Casting
37:53 Bracer
38:41 Thumb Ring
39:01 Parthian Tactics
40:30 Iron Casting
39:19 Hussar
42:02 Capped Ram
43:27 Siege Ram
46:18 Drill
46:46 Siege Engineers
PZ|MBalu
12:32 Feudal Age
17:22 Castle Age
15:23 Double-Bit Axe
19:53 Bow Saw
19:34 Gold Mining
21:19 Horse Collar
26:31 Imperial Age
26:09 Gold Shaft Mining
26:40 Wheelbarrow
29:11 Onager
32:25 Chemistry
33:08 Arson
34:48 Fletching
34:32 Capped Ram
36:30 Elite Varangian Guard
37:39 Stone Mining
40:03 Scale Mail Armor
41:08 Siege Onager
42:18 Forging
42:57 Hand Cart
43:09 Chain Mail Armor
45:24 Plate Mail Armor
PZ|SlothKing
6:08 Loom
7:54 Loom
10:13 Feudal Age
18:25 Castle Age
17:12 Horse Collar
17:41 Double-Bit Axe
22:45 Bow Saw
22:27 Gold Mining
28:12 Elite Skirmisher
31:06 Fletching
LT_OmniSK
9:17 Feudal Age
9:09 Loom
11:55 Town Watch
15:03 Castle Age
12:59 Double-Bit Axe
13:51 Fletching
20:10 Bodkin Arrow
20:39 Crossbowman
23:17 Padded Archer Armor
25:21 Wheelbarrow
36:55 Hand Cart
40:37 Imperial Age
41:56 Bracer
43:44 Conscription
42:46 Elite Skirmisher
44:42 Yeomen
45:02 Elite Longbowman
47:45 Ballistics
48:15 Masonry
49:34 Chemistry
[OTM]thebearjew
8:06 Loom
10:02 Feudal Age
14:25 Wheelbarrow
17:35 Castle Age
17:02 Horse Collar
17:09 Double-Bit Axe
19:44 Bow Saw
20:20 Heavy Plow
21:29 Man-at-Arms
22:09 Squires
22:37 Long Swordsman
24:03 Scale Mail Armor
26:22 Pikeman
35:14 Imperial Age
33:37 Chain Mail Armor
33:32 Forging
35:05 Hand Cart
35:21 Halberdier
37:44 Legionary
45:22 Heavy Scorpion
46:13 Ballistas
46:28 Conscription
46:21 Siege Engineers
47:18 Chemistry
46:39 Ballistics
47:16 Capped Ram
Connection lost

Rejoining the realm…

Still unreachable

The connection could not be restored.

Session expired

The server has moved on; the page needs a fresh start.